 Dungeon Crawl Stone Soup version 0.29-a0-337-g68df138881 (webtiles) character file.

Game seed: 5742999601420401345

2 spaghetti the Sneak (level 1, 0/15 HPs)
             Began as a Naga Fire Elementalist on Apr 16, 2022.
             Slain by a hobgoblin (1 damage)
             ... on level 1 of the Dungeon.
             The game lasted 00:00:30 (104 turns).

spaghetti the Sneak (Naga Fire Elementalist)         Turns: 104, Time: 00:00:31

Health: 0/15       AC:  1    Str: 10    XL:     1   Next: 40%
Magic:  2/3        EV:  9    Int: 15    God:
Gold:   17         SH:  0    Dex: 11    Spells: 3/4 levels left

rFire   . . .      SeeInvis +   (no weapon)
rCold   . . .      Faith    .   (no shield)
rNeg    . . .      Spirit   .   a - +0 robe
rPois   +          Reflect  .   (no helmet)
rElec   .          Harm     .   (no cloak)
rCorr   .          Rampage  .   (no gloves)
Will    .....                   (no barding)
Stlth   ++........              (no amulet)
HPRegen 0.05/turn               (no ring)
MPRegen 0.08/turn               (no ring)

@: short of breath, very slow
A: AC +0, large, see invisible, deformed body, poison resistance, slowness 2,
spit poison 1, naga tail 1
a: Spit Poison


You were on level 1 of the Dungeon.
You visited 1 branch of the dungeon, and saw 1 of its levels.

You collected 17 gold pieces.


Innate Abilities, Weirdness & Mutations

Your serpentine skin is tough. (AC +0)
You have supernaturally acute eyesight. (SInv)
Armour fits poorly on your strangely shaped body.
Your system is resistant to poisons. (rPois)
You cover ground very slowly.
You can spit poison.
You have a snake-like lower body.


   Skills:
 + Level 0.1 Fighting
 + Level 1.6 Dodging
 + Level 3.0 Stealth
 + Level 2.0 Spellcasting
 + Level 1.0 Conjurations
 + Level 3.0 Fire Magic


You had 3 spell levels left.
You knew the following spells:

 Your Spells              Type           Power      Damage    Failure   Level
a - Foxfire               Conj/Fire      28%        2x1d5     10%         1

Your spell library contained the following spells:

 Spells                   Type           Power      Damage    Failure   Level
 Scorch                   Fire           20%        2d6       10%         2
 Conjure Flame            Conj/Fire      7%         6-21      28%         3
 Inner Flame              Hex/Fire       6%         N/A       34%         3
 Flame Wave               Conj/Fire      7%         2d5       67%         4

Inventory:

Hand Weapons
 e - a +0 club {mace}
   (You took it off a goblin on level 1 of the Dungeon)
Armour
 a - a +0 robe (worn)
Scrolls
 c - a scroll of enchant weapon {unknown}
 d - a scroll of fog {unknown}

Dungeon Overview and Level Annotations

Branches:
Dungeon (1/15)

Altars:

## #.# #. .). # #.
#)# ##. #. #.#
##...##g #.# ....
... #.#
#...##.##.#
#...ยง#.g@# #.####
#########v########
.................#
.##.#............#
#####.###.##.# #.#
#.# # #.# #.# ...
#.##


You could see a hobgoblin.


Message History

๐Ÿ˜Ž MP[-1]
You lost 1 mp, and now have 0/3 mp.
Casting: Foxfire (safe; 10% risk of failure)
Confirm with . or Enter, or press ? or * to list all spells.
You don't have enough magic to cast this spell.
The foxfire hits the goblin.
The goblin shouts!
The foxfire hits the goblin. x2
You kill the goblin!
Casting: Foxfire (safe; 10% risk of failure)
Confirm with . or Enter, or press ? or * to list all spells.
You don't have enough magic to cast this spell.
e - a +0 club {mace} ๐Ÿ˜Ž MP[+3]
Your mp is fully restored (3).
An endoplasm and a hobgoblin come into view.
There are monsters nearby!
There are monsters nearby!
There are monsters nearby!
Casting: Foxfire (safe; 10% risk of failure)
Confirm with . or Enter, or press ? or * to list all spells.
You conjure some foxfire! ๐Ÿ˜Ž MP[-1]
You lost 1 mp, and now have 2/3 mp.
Casting: Foxfire (safe; 10% risk of failure)
Confirm with . or Enter, or press ? or * to list all spells.
You conjure some foxfire!
The foxfire hits the endoplasm.
The endoplasm quivers. ๐Ÿ˜Ž MP[-1]
You lost 1 mp, and now have 1/3 mp.
Casting: Foxfire (safe; 10% risk of failure)
Confirm with . or Enter, or press ? or * to list all spells.
You conjure some foxfire!
The foxfire hits the endoplasm. ๐Ÿ˜Ž MP[-1]
You lost 1 mp, and now have 0/3 mp.
Aiming: Spit Poison (3% risk of failure)
Press: ? - help, Shift-Dir - straight line, f - endoplasm
Aim: an endoplasm (severely wounded, 96% to hit)
The splash of poison hits the endoplasm.
Casting: Foxfire (safe; 10% risk of failure)
Confirm with . or Enter, or press ? or * to list all spells.
You don't have enough magic to cast this spell.
Really attack while wielding nothing?
You barely miss the endoplasm. The endoplasm hits you. ๐Ÿ˜• HP[-2]
You take 2 damage, and now have 13/15 hp.
You hit the endoplasm but do no damage.
You have got your breath back.
The endoplasm freezes you.
You are frozen. ๐Ÿ˜ฎ HP[-3]
You take 3 damage, and now have 10/15 hp.
Unknown command.
Aiming: Spit Poison (3% risk of failure)
Press: ? - help, Shift-Dir - straight line, f/p - endoplasm
Aim: an endoplasm (almost dead, 96% to hit)
The splash of poison hits the endoplasm.
You kill the endoplasm!
You hit the hobgoblin. The hobgoblin hits you.
* * * LOW HITPOINT WARNING * * *
๐Ÿ˜จ HP[-3]
You take 3 damage, and now have 7/15 hp.
You closely miss the hobgoblin.
You have got your breath back.
The hobgoblin barely misses you. ๐Ÿ˜จ MP[+1]
Casting: Foxfire (safe; 10% risk of failure)
Confirm with . or Enter, or press ? or * to list all spells.
You conjure some foxfire!
The hobgoblin hits you.
* * * LOW HITPOINT WARNING * * *
๐Ÿ˜จ HP[-1] MP[-1]
You take 1 damage, and now have 6/15 hp.
You lost 1 mp, and now have 0/3 mp.
You closely miss the hobgoblin.
The foxfire hits the hobgoblin.
The hobgoblin hits you.
* * * LOW HITPOINT WARNING * * *
๐Ÿ˜ฑ HP[-3]
You take 3 damage, and now have 3/15 hp.
Aiming: Spit Poison (3% risk of failure)
Press: ? - help, Shift-Dir - straight line, f - hobgoblin
Aim: a hobgoblin (lightly wounded, 53% to hit)
The splash of poison hits the hobgoblin but does no damage.
The hobgoblin barely misses you. ๐Ÿ˜จ HP[+1]
You hit the hobgoblin but do no damage. The hobgoblin hits you.
* * * LOW HITPOINT WARNING * * *
๐Ÿ˜ฑ HP[-3]
You take 3 damage, and now have 1/15 hp.
Magic courses through your body.
The hobgoblin hits you but does no damage. ๐Ÿ˜ฑ MP[+3]
Your mp is fully restored (3).
Casting: Foxfire (safe; 10% risk of failure)
Confirm with . or Enter, or press ? or * to list all spells.
You conjure some foxfire!
The hobgoblin barely misses you. ๐Ÿ˜ฑ MP[-1]
You lost 1 mp, and now have 2/3 mp.
You closely miss the hobgoblin.
The foxfire hits the hobgoblin.
The hobgoblin hits you.
You die...

Action                   || total
-------------------------++-------
Melee: Unarmed           ||     7
 Cast: Foxfire           ||     8
 Abil: Spit Poison       ||     3
  Use: Potion            ||     1
Armor: Robe              ||     1
Dodge: Dodged            ||     3

Levels and vault maps discovered:
D:1:      onia_arrival_zoo_common, layout_loops_ring

Notes
Turn   | Place    | Note
-------+----------+-------------------------------------------
     0 | D:1      | spaghetti the Naga Fire Elementalist began the quest for
                  | the Orb.
     0 | D:1      | Reached XP level 1. HP: 15/15 MP: 3/3
     0 | D:1      | magus.rc [v1.9.6]
     6 | D:1      | Noticed a polar bear
     6 | D:1      | Noticed a swamp worm
     6 | D:1      | Noticed a salamander
    99 | D:1      | HP: 3/15 [hobgoblin (3)]
   101 | D:1      | HP: 1/15 [hobgoblin (3)]
   104 | D:1      | Slain by a hobgoblin

Vanquished Creatures
  An endoplasm (D:1)
  A goblin (D:1)
2 creatures vanquished.

Vanquished Creatures (others)
  6 foxfires (D:1)
6 creatures vanquished.

Grand Total: 8 creatures vanquished

Table legend:
 A = Non-vault XP
 B = Vault XP
 C = Vault XP percentage of total XP
 D = Non-vault monster count
 E = Vault monster count
 F = Vault count percentage of total count
                 A         B        C        D         E       F
            +---------+---------+-------+---------+---------+-------
      Total |       4 |       0 |   0.0 |       2 |       0 |   0.0
            +---------+---------+-------+---------+---------+-------
        D:1 |       4 |       0 |   0.0 |       2 |       0 |   0.0
            +---------+---------+-------+---------+---------+-------

Illustrated notes

Table legend:
 A = Kills in this place as a percentage of kills in entire the game.
 B = Kills by you in this place as a percentage of kills by you in the entire game.
 C = Kills by friends in this place as a percentage of kills by friends in the entire game.
 D = Other kills in this place as a percentage of other kills in the entire game.
 E = Experience gained in this place as a percentage of experience gained in the entire game.
 F = Experience gained in this place divided by the number of levels of this place that you have seen.
                   A       B       C       D       E      F
               +-------+-------+-------+-------+-------+----------------------
         Total | 100.0 | 100.0 |   N/A |   N/A | 100.0 |   4.0
       Dungeon | 100.0 | 100.0 |   N/A |   N/A | 100.0 |   4.0
               +-------+-------+-------+-------+-------+----------------------

Table legend: (Time is in decaauts)
 A = Elapsed time spent in this place.
 B = Non-inter-level travel time spent in this place.
 C = Inter-level travel time spent in this place.
 D = Time resting spent in this place.
 E = Time spent auto-exploring this place.
 F = Levels seen in this place.
 G = Mean time per level.
                   A        B        C        D        E       F      G
               +--------+--------+--------+--------+--------+-----+--------+
         Total |    123 |    123 |      0 |      0 |     93 |   1 |  123.0 |
       Dungeon |    123 |    123 |      0 |      0 |     93 |   1 |  123.0 |
               +--------+--------+--------+--------+--------+-----+--------+

Top non-repeatable levels by time:
     D:1: 123 daAuts
